[Event "Czech Juniors Boys 2024"]
[Site "Jaromerice nad Rokytnou"]
[Date "2024.03.10"]
[Round "4.2"]
[White "Hak, David"]
[Black "Bokhnak, Timofey"]
[Result "1-0"]
[ECO "D37"]
[WhiteElo "2283"]
[BlackElo "2241"]
[Annotator "RC"]
[PlyCount "83"]
[EventDate "2024.03.10"]
[EventType "tourn"]
[EventCountry "CZE"]
[SourceTitle "playchess.com"]
[Source "ChessBase"]
[SourceQuality "1"]
[TimeControl "40/5400+30:1800+30"]

1. d4 Nf6 2. c4 e6 3. Nc3 d5 4. Nf3 Be7 5. Bf4 O-O 6. e3 b6 7. cxd5 Nxd5 8. Nxd5 exd5 9. Bd3 c5 10. O-O Be6 11. Ne5 Qe8 12. e4 f6 13. Nf3 Qf7 14. Qc2 g6 15. dxc5 Bxc5 16. Qa4 Bd7 17. Qb3 Be6 18. e5 Nc6 19. exf6 Nd4 20. Nxd4 Bxd4 21. Bd6 Rfd8 22. Be7 Rdc8 23. Ba6 Rc7 24. Qg3 Rc5 25. Bxc5 bxc5 26. Qd6 Qxf6 27. Rae1 Kf7 28. Qc7+ Qe7 29. Qf4+ Kg7 30. Re2 Rf8 31. Qd2 Qd6 32. Qe1 Bg4 33. Re7+ Kg8 34. Rxa7 Be6 35. Bb5 c4 36. Ra6 Bb6 37. Qe3 d4 38. Qe4 Rb8 39. Ra8 Bc7 40. Rxb8+ Bxb8 41. g3 Bf7 42. Rc1 1-0

[Event "Czech Juniors Boys 2024"]
[Site "Jaromerice nad Rokytnou"]
[Date "2024.03.10"]
[Round "4.3"]
[White "Frank, Adam"]
[Black "Paseka, Matyas"]
[Result "1-0"]
[ECO "B94"]
[WhiteElo "2284"]
[BlackElo "2233"]
[Annotator "RC"]
[PlyCount "73"]
[EventDate "2024.03.10"]
[EventType "tourn"]
[EventCountry "CZE"]
[SourceTitle "playchess.com"]
[Source "ChessBase"]
[SourceQuality "1"]
[TimeControl "40/5400+30:1800+30"]

1. e4 c5 2. Nf3 d6 3. d4 cxd4 4. Nxd4 Nf6 5. Nc3 a6 6. Bg5 Nbd7 7. Bc4 Qb6 8. Bb3 e6 9. Qd2 Nc5 10. Bxf6 gxf6 11. O-O-O Bd7 12. f4 h5 13. Kb1 O-O-O 14. Rhf1 Be7 15. Nf5 Bf8 16. Nxd6+ Bxd6 17. Qxd6 Qxd6 18. Rxd6 Bc6 19. Rxd8+ Rxd8 20. Kc1 Nxe4 21. Nxe4 Bxe4 22. g3 h4 23. g4 Rg8 24. Rg1 h3 25. c3 Bg2 26. Bd1 Rd8 27. Be2 Kc7 28. Rd1 Rd6 29. Rxd6 Kxd6 30. Kd2 e5 31. Ke3 b5 32. a4 Bc6 33. axb5 axb5 34. Bf1 Kc5 35. Bxh3 Kc4 36. Bf1+ Kb3 37. f5 1-0

[Event "Czech Juniors Boys 2024"]
[Site "Jaromerice nad Rokytnou"]
[Date "2024.03.10"]
[Round "4.4"]
[White "Jares, Michal"]
[Black "Skypala, Ondrej"]
[Result "1/2-1/2"]
[ECO "A13"]
[WhiteElo "2347"]
[BlackElo "2234"]
[Annotator "RC"]
[PlyCount "133"]
[EventDate "2024.03.10"]
[EventType "tourn"]
[EventCountry "CZE"]
[SourceTitle "playchess.com"]
[Source "ChessBase"]
[SourceQuality "1"]
[TimeControl "40/5400+30:1800+30"]

1. Nf3 Nf6 2. g3 b5 3. Bg2 Bb7 4. O-O e6 5. b3 c5 6. c4 a6 7. Bb2 Be7 8. e3 O-O 9. d4 cxd4 10. exd4 d6 11. Nbd2 Nbd7 12. Rc1 Qa5 13. Qc2 Rab8 14. Bc3 b4 15. Bb2 Qh5 16. Qd1 Ne4 17. Nxe4 Bxe4 18. Ne5 Qxd1 19. Rfxd1 dxe5 20. Bxe4 exd4 21. Bxd4 Nc5 22. Bf3 Rfd8 23. Kf1 f6 24. Ke2 Kf8 25. Be3 Ke8 26. Bf4 Rbc8 27. Be3 Rb8 28. Bc6+ Kf7 29. Rxd8 Rxd8 30. Rc2 Rc8 31. Bxc5 Bxc5 32. Bb7 Rd8 33. Bxa6 Rd7 34. f4 Ke7 35. Kf1 Rd1+ 36. Ke2 Rd7 37. Kf3 Rd3+ 38. Kg4 Kd7 39. Re2 Rd1 40. Bb5+ Kd6 41. Be8 e5 42. Bf7 exf4 43. gxf4 Bd4 44. Bg8 Rg1+ 45. Kf5 h5 46. Bf7 Rf1 47. Ke4 Kc5 48. Bxh5 g5 49. fxg5 fxg5 50. Kd3 Rd1+ 51. Kc2 Ra1 52. Re8 Rxa2+ 53. Kd3 Rxh2 54. Rc8+ Kd6 55. Kxd4 Rh4+ 56. Kd3 Rxh5 57. Rb8 Rh3+ 58. Kc2 Rh2+ 59. Kd1 Kc5 60. Rb5+ Kd4 61. Rxb4 Kd3 62. Ke1 Ke3 63. Kf1 Kf3 64. Kg1 Rc2 65. Rb8 g4 66. Rf8+ Kg3 67. Rf1 1/2-1/2

[Event "Czech Juniors Boys 2024"]
[Site "Jaromerice nad Rokytnou"]
[Date "2024.03.10"]
[Round "4.5"]
[White "Jun, Rudolf"]
[Black "Vilimek, Vit"]
[Result "1/2-1/2"]
[ECO "C89"]
[WhiteElo "2243"]
[BlackElo "2061"]
[Annotator "RC"]
[PlyCount "165"]
[EventDate "2024.03.10"]
[EventType "tourn"]
[EventCountry "CZE"]
[SourceTitle "playchess.com"]
[Source "ChessBase"]
[SourceQuality "1"]
[TimeControl "40/5400+30:1800+30"]

1. e4 e5 2. Nf3 Nc6 3. Bb5 a6 4. Ba4 Nf6 5. O-O Be7 6. Re1 b5 7. Bb3 O-O 8. c3 d5 9. d3 dxe4 10. dxe4 Qxd1 11. Bxd1 Bc5 12. h3 Bb7 13. Bc2 Rfe8 14. Nbd2 Bf8 15. Nb3 Nd7 16. Be3 Nb6 17. Nc5 Bc8 18. b3 Nd7 19. Nd3 Na5 20. a4 Bb7 21. axb5 axb5 22. Ra2 c5 23. Nxc5 Nxc5 24. b4 Nxe4 25. Bxe4 Bxe4 26. Rxa5 Bc6 27. Rxa8 Bxa8 28. Ra1 f6 29. Ra5 Bc6 30. Nd2 Ra8 31. f3 Bd6 32. Kf2 Bc7 33. Rxa8+ Bxa8 34. c4 bxc4 35. Nxc4 Bd5 36. Nb6 Bc6 37. Nc8 Bb7 38. Na7 Kf7 39. Nb5 Bb8 40. Ba7 Bxa7+ 41. Nxa7 Ke6 42. Nb5 g6 43. Nc3 f5 44. g3 g5 45. Nb5 Bc6 46. Nc3 f4 47. b5 Bb7 48. Na4 Kd6 49. Nb6 Bd5 50. Na4 Bb3 51. Nc3 Bc2 52. b6 Kc6 53. Nd5 Bg6 54. h4 fxg3+ 55. Kxg3 gxh4+ 56. Kxh4 Bf7 57. Nf6 Kxb6 58. Nd7+ Kc7 59. Nxe5 Bd5 60. f4 Be4 61. Kg5 Kd6 62. Kf6 h5 63. Kg5 Ke6 64. Nc4 Bb1 65. Ne3 Bd3 66. Kxh5 Kf6 67. Kg4 Be2+ 68. Kg3 Bd3 69. Kf3 Bb1 70. Nc4 Kf5 71. Nd6+ Kf6 72. Ne4+ Bxe4+ 73. Kxe4 Ke6 74. f5+ Kf6 75. Kf4 Kf7 76. Ke5 Ke7 77. f6+ Kf7 78. Kf5 Kf8 79. Kf4 Kf7 80. Ke5 Kf8 81. Ke6 Ke8 82. f7+ Kf8 83. Kf6 1/2-1/2

[Event "Czech Juniors Boys 2024"]
[Site "Jaromerice nad Rokytnou"]
[Date "2024.03.10"]
[Round "4.6"]
[White "Seidl, Jan"]
[Black "Soucek, Petr"]
[Result "1/2-1/2"]
[ECO "E04"]
[WhiteElo "2230"]
[BlackElo "2209"]
[Annotator "RC"]
[PlyCount "61"]
[EventDate "2024.03.10"]
[EventType "tourn"]
[EventCountry "CZE"]
[SourceTitle "playchess.com"]
[Source "ChessBase"]
[SourceQuality "1"]
[TimeControl "40/5400+30:1800+30"]

1. d4 Nf6 2. c4 e6 3. g3 d5 4. Bg2 dxc4 5. Nf3 a6 6. O-O Nc6 7. Nbd2 Nxd4 8. Nxc4 Nxf3+ 9. Bxf3 Be7 10. Qb3 O-O 11. Rd1 Qe8 12. a4 Rb8 13. Na5 e5 14. Nc6 Be6 15. Nxe7+ Qxe7 16. Qc3 e4 17. Bg2 h6 18. Qe5 Rfe8 19. Bf4 Bb3 20. Qxe7 Rxe7 21. Rd4 Rbe8 22. Rc1 c6 23. a5 Bd5 24. Bd6 Re6 25. Ba3 Rd8 26. Rc3 Ree8 27. Bc5 Be6 28. Rc1 Rd5 29. Rxd5 cxd5 30. Bd4 Rc8 31. Rxc8+ 1/2-1/2

[Event "Czech Juniors Boys 2024"]
[Site "Jaromerice nad Rokytnou"]
[Date "2024.03.11"]
[Round "5.1"]
[White "Soucek, Petr"]
[Black "Lang, Simon"]
[Result "1-0"]
[ECO "C13"]
[WhiteElo "2209"]
[BlackElo "2043"]
[Annotator "RC"]
[PlyCount "89"]
[EventDate "2024.03.10"]
[EventType "tourn"]
[EventCountry "CZE"]
[SourceTitle "playchess.com"]
[Source "ChessBase"]
[SourceQuality "1"]
[TimeControl "40/5400+30:1800+30"]

1. e4 e6 2. d4 d5 3. Nc3 Nf6 4. Bg5 dxe4 5. Nxe4 Be7 6. Bxf6 gxf6 7. Nf3 a6 8. g3 b5 9. Bg2 Bb7 10. Qe2 Nd7 11. O-O f5 12. Nc3 O-O 13. d5 b4 14. dxe6 bxc3 15. exd7 cxb2 16. Rab1 Qxd7 17. Rxb2 Be4 18. Rd1 Qa4 19. c4 Rad8 20. Rbd2 Rxd2 21. Nxd2 Rd8 22. Bxe4 fxe4 23. Rf1 f5 24. Nb3 Rd3 25. Qh5 Qd7 26. Rb1 Kg7 27. Rc1 h6 28. c5 Bg5 29. Re1 Rf3 30. c6 Qd5 31. Qe8 Rd3 32. h4 Bf6 33. Kh2 a5 34. Qc8 Be5 35. Kh3 a4 36. Nc1 Rf3 37. Qd7+ Qf7 38. Kg2 Rc3 39. Rd1 Rc2 40. Rd5 Bf6 41. Qxf5 Be7 42. Qg4+ Qg6 43. Qd7 Kf6 44. h5 Qh7 45. g4 1-0

[Event "Czech Juniors Boys 2024"]
[Site "Jaromerice nad Rokytnou"]
[Date "2024.03.11"]
[Round "5.2"]
[White "Vilimek, Vit"]
[Black "Seidl, Jan"]
[Result "1/2-1/2"]
[ECO "B23"]
[WhiteElo "2061"]
[BlackElo "2230"]
[Annotator "RC"]
[PlyCount "93"]
[EventDate "2024.03.10"]
[EventType "tourn"]
[EventCountry "CZE"]
[SourceTitle "playchess.com"]
[Source "ChessBase"]
[SourceQuality "1"]
[TimeControl "40/5400+30:1800+30"]

1. e4 c5 2. Nc3 d6 3. f4 g6 4. Nf3 Bg7 5. d3 Nc6 6. Be3 e6 7. Be2 Nge7 8. O-O Nd4 9. Qd2 O-O 10. Nd1 f5 11. c3 Nxe2+ 12. Qxe2 b6 13. Nf2 Qd7 14. Rad1 Bb7 15. Qc2 Rae8 16. d4 fxe4 17. Nxe4 Nd5 18. Bc1 c4 19. Neg5 Bf6 20. Rde1 Bd8 21. Nh3 Kg7 22. Qe2 b5 23. Nfg5 Bc8 24. Qf3 Nf6 25. Ne4 Nxe4 26. Qxe4 Bb7 27. Qe2 Bd5 28. Qg4 Rf5 29. Nf2 a5 30. Nd1 Rff8 31. Ne3 Be4 32. Qg3 Bd3 33. Rf3 Bb6 34. Ng4 Bf5 35. Rfe3 e5 36. fxe5 Bxg4 37. exd6 Rxe3 38. Bxe3 Bd8 39. Bf4 Bf5 40. Qe3 Kf7 41. Qe5 Re8 42. Qd5+ Be6 43. Qf3 Kg8 44. Re5 Bf7 45. Rc5 Be6 46. Re5 Bf7 47. Rc5 1/2-1/2

[Event "Czech Juniors Boys 2024"]
[Site "Jaromerice nad Rokytnou"]
[Date "2024.03.11"]
[Round "5.3"]
[White "Skypala, Ondrej"]
[Black "Jun, Rudolf"]
[Result "1/2-1/2"]
[ECO "A29"]
[WhiteElo "2234"]
[BlackElo "2243"]
[Annotator "RC"]
[PlyCount "62"]
[EventDate "2024.03.10"]
[EventType "tourn"]
[EventCountry "CZE"]
[SourceTitle "playchess.com"]
[Source "ChessBase"]
[SourceQuality "1"]
[TimeControl "40/5400+30:1800+30"]

1. c4 Nf6 2. g3 e5 3. Bg2 d5 4. cxd5 Nxd5 5. Nc3 Nxc3 6. bxc3 Nc6 7. d3 Bc5 8. Nf3 O-O 9. O-O Qf6 10. Qa4 Bd7 11. Rb1 Bb6 12. Qh4 Qxh4 13. Nxh4 Be6 14. Ba3 Rfd8 15. Rb2 Bd5 16. c4 Bxg2 17. Kxg2 e4 18. dxe4 Rd4 19. c5 Ba5 20. Rxb7 Rxe4 21. e3 Ra4 22. Rb3 Rd8 23. Nf3 f6 24. Rc1 Kf7 25. Kf1 g5 26. h3 h5 27. g4 hxg4 28. hxg4 Rxg4 29. Bb2 Rb4 30. Rxb4 Bxb4 31. Ke2 Ke6 1/2-1/2

[Event "Czech Juniors Boys 2024"]
[Site "Jaromerice nad Rokytnou"]
[Date "2024.03.11"]
[Round "5.4"]
[White "Paseka, Matyas"]
[Black "Jares, Michal"]
[Result "0-1"]
[ECO "B19"]
[WhiteElo "2233"]
[BlackElo "2347"]
[Annotator "RC"]
[PlyCount "57"]
[EventDate "2024.03.10"]
[EventType "tourn"]
[EventCountry "CZE"]
[SourceTitle "playchess.com"]
[Source "ChessBase"]
[SourceQuality "1"]
[TimeControl "40/5400+30:1800+30"]

1. e4 c6 2. d4 d5 3. Nc3 dxe4 4. Nxe4 Bf5 5. Ng3 Bg6 6. h4 h6 7. Nf3 e6 8. h5 Bh7 9. Bd3 Bxd3 10. Qxd3 Nd7 11. Bd2 Ngf6 12. O-O-O Be7 13. Kb1 O-O 14. Ne4 Nxe4 15. Qxe4 Nf6 16. Qe2 Qd5 17. c4 Qe4+ 18. Qxe4 Nxe4 19. Be3 Rad8 20. g4 f5 21. gxf5 Rxf5 22. Nh4 Rxh5 23. Ng6 Rxh1 24. Nxe7+ Kf7 25. Rxh1 Kxe7 26. Kc2 Nd6 27. Kd3 Nf5 28. Ke4 Kf6 29. f4 0-1

[Event "Czech Juniors Boys 2024"]
[Site "Jaromerice nad Rokytnou"]
[Date "2024.03.11"]
[Round "5.5"]
[White "Bokhnak, Timofey"]
[Black "Frank, Adam"]
[Result "1/2-1/2"]
[ECO "B52"]
[WhiteElo "2241"]
[BlackElo "2284"]
[Annotator "RC"]
[PlyCount "90"]
[EventDate "2024.03.10"]
[EventType "tourn"]
[EventCountry "CZE"]
[SourceTitle "playchess.com"]
[Source "ChessBase"]
[SourceQuality "1"]
[TimeControl "40/5400+30:1800+30"]

1. e4 c5 2. Nf3 d6 3. Bb5+ Bd7 4. Bxd7+ Qxd7 5. O-O Nf6 6. Qe2 Nc6 7. c3 e6 8. d4 cxd4 9. cxd4 d5 10. e5 Ne4 11. Nbd2 Nxd2 12. Bxd2 Be7 13. Rfc1 O-O 14. Rc3 Rfc8 15. a3 a6 16. Qd3 h6 17. h3 Na7 18. Rac1 Nb5 19. Rxc8+ Rxc8 20. Rxc8+ Qxc8 21. Kf1 Qc6 22. Ke2 Qb6 23. Kf1 Na7 24. Qc3 Qb5+ 25. Kg1 Nc6 26. Ne1 Bd8 27. Nc2 Ba5 28. b4 Bb6 29. Be3 a5 30. Kh2 a4 31. Kg1 Qe2 32. Kh2 Qf1 33. Ne1 Bxd4 34. Bxd4 Nxd4 35. Qxd4 Qxe1 36. b5 Qe2 37. Qxa4 Qxe5+ 38. g3 d4 39. Qa8+ Kh7 40. Qxb7 d3 41. b6 Qd5 42. Qxd5 exd5 43. b7 d2 44. b8=Q d1=Q 45. Qf4 d4 1/2-1/2

[Event "Czech Juniors Boys 2024"]
[Site "Jaromerice nad Rokytnou"]
[Date "2024.03.11"]
[Round "5.6"]
[White "Bohacek, Jan Andrej"]
[Black "Hak, David"]
[Result "1-0"]
[ECO "E69"]
[WhiteElo "2140"]
[BlackElo "2283"]
[Annotator "RC"]
[PlyCount "73"]
[EventDate "2024.03.10"]
[EventType "tourn"]
[EventCountry "CZE"]
[SourceTitle "playchess.com"]
[Source "ChessBase"]
[SourceQuality "1"]
[TimeControl "40/5400+30:1800+30"]

1. c4 g6 2. d4 Nf6 3. Nf3 Bg7 4. g3 O-O 5. Bg2 d6 6. Nc3 Nbd7 7. O-O c6 8. e4 e5 9. h3 Qb6 10. c5 dxc5 11. dxe5 Ne8 12. Na4 Qc7 13. e6 fxe6 14. Ng5 Ne5 15. h4 c4 16. f4 Nd3 17. e5 b5 18. Nc3 Qb6+ 19. Kh2 Nc7 20. h5 h6 21. Nh3 Nd5 22. Qg4 Nxc1 23. Raxc1 gxh5 24. Qg6 Ne7 25. Qxh5 Bb7 26. g4 c5 27. Ne4 Rad8 28. g5 Bxe4 29. Bxe4 Rd2+ 30. Kh1 Nf5 31. Rg1 Qd8 32. gxh6 Qd4 33. Ng5 Nxh6 34. Qg6 Rf5 35. Qh7+ Kf8 36. Nxe6+ Ke7 37. Rxg7+ 1-0

[Event "Czech Juniors Boys 2024"]
[Site "Jaromerice nad Rokytnou"]
[Date "2024.03.12"]
[Round "6.1"]
[White "Lang, Simon"]
[Black "Hak, David"]
[Result "0-1"]
[ECO "B36"]
[WhiteElo "2043"]
[BlackElo "2283"]
[Annotator "RC"]
[PlyCount "68"]
[EventDate "2024.03.10"]
[EventType "tourn"]
[EventCountry "CZE"]
[SourceTitle "playchess.com"]
[Source "ChessBase"]
[SourceQuality "1"]
[TimeControl "40/5400+30:1800+30"]

1. e4 c5 2. Nf3 Nc6 3. d4 cxd4 4. Nxd4 g6 5. c4 Nf6 6. Nc3 d6 7. Be2 Nxd4 8. Qxd4 Bg7 9. Be3 O-O 10. Qd2 a5 11. O-O a4 12. Bd4 Bd7 13. Bd3 Bc6 14. Rae1 Qa5 15. f4 e5 16. fxe5 Ng4 17. Qd1 Nxe5 18. Rf4 a3 19. Bb1 axb2 20. Ref1 Nxc4 21. Bxg7 Kxg7 22. Qd4+ Ne5 23. Qd2 Qc5+ 24. Kh1 Nc4 25. Qe1 Ra3 26. Qh4 Ne3 27. Qf6+ Kg8 28. Nd5 Bxd5 29. exd5 Nxf1 30. Bxg6 hxg6 31. Rh4 Ng3+ 32. hxg3 b1=Q+ 33. Kh2 Qcg1+ 34. Kh3 Qh1+ 0-1

[Event "Czech Juniors Boys 2024"]
[Site "Jaromerice nad Rokytnou"]
[Date "2024.03.12"]
[Round "6.2"]
[White "Frank, Adam"]
[Black "Bohacek, Jan Andrej"]
[Result "1-0"]
[ECO "B12"]
[WhiteElo "2284"]
[BlackElo "2140"]
[Annotator "RC"]
[PlyCount "59"]
[EventDate "2024.03.10"]
[EventType "tourn"]
[EventCountry "CZE"]
[SourceTitle "playchess.com"]
[Source "ChessBase"]
[SourceQuality "1"]
[TimeControl "40/5400+30:1800+30"]

1. e4 c6 2. d4 d5 3. e5 c5 4. Nf3 cxd4 5. Nxd4 Nc6 6. c4 e6 7. Nc3 Bb4 8. Nxc6 bxc6 9. Bd3 Ne7 10. O-O Ba6 11. Qe2 Bxc3 12. bxc3 Bxc4 13. Bxc4 dxc4 14. Ba3 O-O 15. Rfd1 Qc7 16. Bd6 Qd7 17. Qxc4 Rfc8 18. Qc5 Nd5 19. Rd2 Qb7 20. c4 Nb6 21. a4 Nxa4 22. Qa3 Nb6 23. Rd4 c5 24. Rg4 Nd7 25. Qg3 g6 26. h3 a5 27. Qh4 Kg7 28. Rf4 Rf8 29. Ra3 h6 30. Be7 1-0

[Event "Czech Juniors Boys 2024"]
[Site "Jaromerice nad Rokytnou"]
[Date "2024.03.12"]
[Round "6.3"]
[White "Jares, Michal"]
[Black "Bokhnak, Timofey"]
[Result "1-0"]
[ECO "D78"]
[WhiteElo "2347"]
[BlackElo "2241"]
[Annotator "RC"]
[PlyCount "138"]
[EventDate "2024.03.10"]
[EventType "tourn"]
[EventCountry "CZE"]
[SourceTitle "playchess.com"]
[Source "ChessBase"]
[SourceQuality "1"]
[TimeControl "40/5400+30:1800+30"]

1. Nf3 d5 2. g3 Nf6 3. Bg2 g6 4. c4 c6 5. d4 Bg7 6. O-O O-O 7. Qb3 dxc4 8. Qxc4 Nbd7 9. Qc2 Nb6 10. Nc3 Bg4 11. Rd1 Qc8 12. Bg5 h6 13. Bf4 Nfd5 14. Be5 f6 15. Bf4 Nxf4 16. gxf4 Qf5 17. Qxf5 Bxf5 18. Nh4 Kf7 19. Nxf5 gxf5 20. d5 Rac8 21. Rac1 Nxd5 22. Nxd5 cxd5 23. Bxd5+ e6 24. Bxb7 Rxc1 25. Rxc1 Re8 26. Bf3 Kg6 27. Rc7 e5 28. Rxa7 Bf8 29. Bd5 Re7 30. Ra8 Kg7 31. a4 exf4 32. Bc4 f3 33. exf3 Re1+ 34. Kg2 Bc5 35. Rg8+ Kh7 36. Rc8 Bd4 37. b4 Rb1 38. Bg8+ Kg6 39. Rc4 Ba7 40. b5 Rb2 41. Bh7+ Kh5 42. Kh3 Rxf2 43. Kg3 Be3 44. Bxf5 Kg5 45. Bd7 h5 46. f4+ Kh6 47. h4 Ra2 48. Bf5 Kg7 49. Rc7+ Kf8 50. Rc8+ Ke7 51. Ra8 Ra3 52. Be4 Bd2+ 53. Bf3 Be1+ 54. Kg2 Ra2+ 55. Kh1 Rb2 56. Bc6 Kd6 57. a5 Ra2 58. Rd8+ Kc5 59. Rd5+ Kb4 60. b6 Bf2 61. b7 Ba7 62. Rd8 Kc5 63. Ra8 Bb8 64. Bf3 Bxf4 65. a6 Kd4 66. a7 Ra1+ 67. Kg2 Ra2+ 68. Be2 Rxe2+ 69. Kf3 Kd5 1-0

[Event "Czech Juniors Boys 2024"]
[Site "Jaromerice nad Rokytnou"]
[Date "2024.03.12"]
[Round "6.4"]
[White "Jun, Rudolf"]
[Black "Paseka, Matyas"]
[Result "1/2-1/2"]
[ECO "B34"]
[WhiteElo "2243"]
[BlackElo "2233"]
[Annotator "RC"]
[PlyCount "62"]
[EventDate "2024.03.10"]
[EventType "tourn"]
[EventCountry "CZE"]
[SourceTitle "playchess.com"]
[Source "ChessBase"]
[SourceQuality "1"]
[TimeControl "40/5400+30:1800+30"]

1. e4 c5 2. Nf3 Nc6 3. Nc3 g6 4. d4 cxd4 5. Nxd4 Bg7 6. Be3 Nf6 7. Be2 O-O 8. O-O d5 9. exd5 Nxd5 10. Nxd5 Nxd4 11. Bxd4 Qxd5 12. Bxg7 Qxd1 13. Rfxd1 Kxg7 14. Rd2 Be6 15. Rad1 Rac8 16. f4 Rc7 17. a3 Rfc8 18. c3 h5 19. h4 Kf6 20. Kf2 Bb3 21. Re1 Be6 22. Bf3 b6 23. Ke3 Bf5 24. Red1 Be6 25. Rd4 Bb3 26. R1d2 Be6 27. Bd5 Rd8 28. Bxe6 Rxd4 29. Rxd4 Kxe6 30. c4 Kf5 31. Kf3 e6 1/2-1/2

[Event "Czech Juniors Boys 2024"]
[Site "Jaromerice nad Rokytnou"]
[Date "2024.03.12"]
[Round "6.5"]
[White "Seidl, Jan"]
[Black "Skypala, Ondrej"]
[Result "1-0"]
[ECO "E00"]
[WhiteElo "2230"]
[BlackElo "2234"]
[Annotator "RC"]
[PlyCount "69"]
[EventDate "2024.03.10"]
[EventType "tourn"]
[EventCountry "CZE"]
[SourceTitle "playchess.com"]
[Source "ChessBase"]
[SourceQuality "1"]
[TimeControl "40/5400+30:1800+30"]

1. d4 Nf6 2. c4 e6 3. g3 Bb4+ 4. Nd2 O-O 5. Bg2 c5 6. dxc5 Bxc5 7. e3 Nc6 8. Ngf3 a5 9. O-O a4 10. a3 d6 11. b4 axb3 12. Nxb3 Bb6 13. Bb2 Na5 14. Nxa5 Rxa5 15. Nd4 Qe7 16. a4 Rd8 17. Qb3 Bxd4 18. Bxd4 Rh5 19. Rad1 e5 20. Bb6 Re8 21. Qb4 Ng4 22. Qxd6 Qg5 23. f4 Qh6 24. Qe7 Qe6 25. Qxe6 Bxe6 26. h3 Nf6 27. g4 Rh4 28. c5 Bc4 29. Bxb7 Bxf1 30. Kxf1 Rxh3 31. c6 exf4 32. c7 fxe3 33. Rd8 e2+ 34. Ke1 Rb3 35. Rxe8+ 1-0

[Event "Czech Juniors Boys 2024"]
[Site "Jaromerice nad Rokytnou"]
[Date "2024.03.12"]
[Round "6.6"]
[White "Soucek, Petr"]
[Black "Vilimek, Vit"]
[Result "1-0"]
[ECO "A52"]
[WhiteElo "2209"]
[BlackElo "2061"]
[Annotator "RC"]
[PlyCount "57"]
[EventDate "2024.03.10"]
[EventType "tourn"]
[EventCountry "CZE"]
[SourceTitle "playchess.com"]
[Source "ChessBase"]
[SourceQuality "1"]
[TimeControl "40/5400+30:1800+30"]

1. d4 Nf6 2. c4 e5 3. dxe5 Ng4 4. e3 Nxe5 5. f4 Nec6 6. Ne2 Bc5 7. Ng3 d6 8. Be2 Qe7 9. Nc3 a5 10. Nd5 Qd8 11. O-O Ne7 12. Kh1 Nbc6 13. b3 O-O 14. Bb2 Nf5 15. Nh5 f6 16. Bd3 Nb4 17. Bxf5 Bxf5 18. Nxb4 g6 19. Nxf6+ Rxf6 20. Bxf6 Qxf6 21. Nd5 Qg7 22. Qd2 Re8 23. Rae1 c6 24. b4 Ba7 25. e4 Bxe4 26. Nc3 d5 27. cxd5 cxd5 28. Nxe4 dxe4 29. Rxe4 1-0

[Event "Czech Juniors Boys 2024"]
[Site "Jaromerice nad Rokytnou"]
[Date "2024.03.13"]
[Round "7.1"]
[White "Vilimek, Vit"]
[Black "Lang, Simon"]
[Result "1-0"]
[ECO "C01"]
[WhiteElo "2061"]
[BlackElo "2043"]
[Annotator "RC"]
[PlyCount "51"]
[EventDate "2024.03.10"]
[EventType "tourn"]
[EventCountry "CZE"]
[SourceTitle "playchess.com"]
[Source "ChessBase"]
[SourceQuality "1"]
[TimeControl "40/5400+30:1800+30"]

1. e4 e6 2. d4 d5 3. exd5 exd5 4. Nf3 Nc6 5. c3 Bd6 6. Bd3 Nge7 7. Qc2 Bg4 8. Nbd2 Qd7 9. O-O O-O-O 10. b4 Ng6 11. h3 Be6 12. Nb3 Nce7 13. Nc5 Bxc5 14. bxc5 c6 15. Rb1 Bf5 16. Bxf5 Nxf5 17. Qa4 a6 18. Bd2 Qc7 19. Rb2 Kd7 20. c4 Rb8 21. cxd5 Rhe8 22. d6 Qd8 23. Rfb1 Kc8 24. Rxb7 Rxb7 25. Qxc6+ Rc7 26. d7+ 1-0

[Event "Czech Juniors Boys 2024"]
[Site "Jaromerice nad Rokytnou"]
[Date "2024.03.13"]
[Round "7.2"]
[White "Skypala, Ondrej"]
[Black "Soucek, Petr"]
[Result "1-0"]
[ECO "A09"]
[WhiteElo "2234"]
[BlackElo "2209"]
[Annotator "RC"]
[PlyCount "71"]
[EventDate "2024.03.10"]
[EventType "tourn"]
[EventCountry "CZE"]
[SourceTitle "playchess.com"]
[Source "ChessBase"]
[SourceQuality "1"]
[TimeControl "40/5400+30:1800+30"]

1. c4 e6 2. g3 d5 3. Bg2 d4 4. Nf3 c5 5. O-O Nc6 6. d3 Nf6 7. Bg5 Be7 8. Nbd2 h6 9. Bxf6 Bxf6 10. a3 O-O 11. Nb3 Be7 12. e3 e5 13. exd4 exd4 14. Re1 Qc7 15. Nfd2 a5 16. Qe2 a4 17. Bxc6 Qxc6 18. Nxd4 cxd4 19. Qxe7 Bf5 20. Qe5 Bxd3 21. Qxd4 Rfd8 22. Qc3 Bf5 23. Re3 Rd6 24. Rae1 Rad8 25. R1e2 f6 26. f3 Bg6 27. Ne4 Rd1+ 28. Kg2 R1d4 29. Rd2 Rxd2+ 30. Nxd2 Qd6 31. Re2 Bd3 32. c5 Qd5 33. Re7 Kf8 34. Re1 Rc8 35. Qb4 Qxc5 36. Rc1 1-0

[Event "Czech Juniors Boys 2024"]
[Site "Jaromerice nad Rokytnou"]
[Date "2024.03.13"]
[Round "7.3"]
[White "Paseka, Matyas"]
[Black "Seidl, Jan"]
[Result "1/2-1/2"]
[ECO "B11"]
[WhiteElo "2233"]
[BlackElo "2230"]
[Annotator "RC"]
[PlyCount "153"]
[EventDate "2024.03.10"]
[EventType "tourn"]
[EventCountry "CZE"]
[SourceTitle "playchess.com"]
[Source "ChessBase"]
[SourceQuality "1"]
[TimeControl "40/5400+30:1800+30"]

1. e4 c6 2. Nc3 d5 3. Nf3 Bg4 4. h3 Bxf3 5. Qxf3 e6 6. g3 Nf6 7. Bg2 Bb4 8. O-O Bxc3 9. Qxc3 dxe4 10. Re1 Nbd7 11. b3 Qb6 12. Bxe4 Nxe4 13. Rxe4 Nf6 14. Re2 O-O 15. Bb2 Rfd8 16. Qf3 Rd5 17. c4 Rf5 18. Qc3 h5 19. Kg2 Qc7 20. Rae1 Rg5 21. Re5 Rg6 22. h4 Rd8 23. Rg5 Qd6 24. Rxg6 fxg6 25. d4 a6 26. Re5 Qd7 27. Qd3 Qf7 28. Rg5 Kh7 29. f3 b5 30. Ba3 Kg8 31. Bb2 Kh7 32. Kg1 Rb8 33. Ba3 Rd8 34. Bc5 e5 35. Rxe5 Nd7 36. Rxh5+ Kg8 37. Rg5 Nxc5 38. Rxc5 Qf6 39. Rg5 bxc4 40. Qxc4+ Kh7 41. Kg2 Rxd4 42. Qc2 Qd6 43. Kh3 Qe6+ 44. Rg4 Rxg4 45. fxg4 Qd5 46. Kh2 Qf3 47. Qg2 Qc3 48. Qe4 Qb2+ 49. Kh3 Qxa2 50. h5 Qxb3 51. hxg6+ Kh8 52. Qe8+ Qg8 53. Qe7 Qd5 54. Qe8+ Qg8 55. Qxc6 a5 56. Qb5 Qa2 57. Qb8+ Qg8 58. Qe5 Qa2 59. Qe8+ Qg8 60. Qd7 Qa8 61. Kh2 Qf8 62. Qf7 Qg8 63. Kg1 Qc8 64. Kh2 Qd8 65. Qf5 Qd2+ 66. Kh3 Qh6+ 67. Kg2 Qd2+ 68. Kf3 Qd1+ 69. Ke3 Qe1+ 70. Kd4 Qb4+ 71. Kd3 Qb3+ 72. Kd2 Qb2+ 73. Kd1 Qb3+ 74. Ke2 Qb2+ 75. Kf3 Qc3+ 76. Kg2 Qd2+ 77. Kh3 1/2-1/2

[Event "Czech Juniors Boys 2024"]
[Site "Jaromerice nad Rokytnou"]
[Date "2024.03.13"]
[Round "7.4"]
[White "Bokhnak, Timofey"]
[Black "Jun, Rudolf"]
[Result "0-1"]
[ECO "B31"]
[WhiteElo "2241"]
[BlackElo "2243"]
[Annotator "RC"]
[PlyCount "104"]
[EventDate "2024.03.10"]
[EventType "tourn"]
[EventCountry "CZE"]
[SourceTitle "playchess.com"]
[Source "ChessBase"]
[SourceQuality "1"]
[TimeControl "40/5400+30:1800+30"]

1. e4 c5 2. Nf3 Nc6 3. Bb5 g6 4. O-O Bg7 5. c3 Nf6 6. Re1 O-O 7. d4 cxd4 8. cxd4 d5 9. e5 Ne4 10. Bxc6 bxc6 11. Be3 f6 12. Qc1 Rb8 13. Nc3 Nxc3 14. Qxc3 Bg4 15. exf6 exf6 16. Bf4 Rc8 17. Nd2 g5 18. Bg3 Re8 19. Nb3 Bf8 20. h3 Bf5 21. Rxe8 Qxe8 22. Rc1 Qf7 23. Nc5 Re8 24. b4 h5 25. h4 Bh6 26. Re1 gxh4 27. Bxh4 Bf4 28. Rxe8+ Qxe8 29. Bg3 Bg5 30. Kf1 h4 31. Bd6 Qh5 32. Kg1 Qe2 33. Qf3 Qxf3 34. gxf3 Bd2 35. Nb3 Bc3 36. Na5 Bd7 37. Bc5 a6 38. Nb7 Kf7 39. Kg2 Kg6 40. Nd6 h3+ 41. Kg1 Kg5 42. Nb7 Kf4 43. Be7 Bxd4 44. Nc5 Bc8 45. Nb3 Bc3 46. Bc5 Kxf3 47. Nd4+ Bxd4 48. Bxd4 f5 49. Kh2 f4 50. a4 Ke4 51. Bb2 d4 52. Bc1 Kf3 0-1